 Dungeon Crawl Stone Soup version 0.29-a0-397-g846e4a0 (webtiles) character file.

Game seed: 16265339561087744503

170 Illumine the Bolt Thrower (level 5, -1/47 HPs)
             Began as a Minotaur Hunter on May 11, 2022.
             Slain by a river rat (7 damage)
             ... in a sewer.
             The game lasted 00:06:28 (2510 turns).

Illumine the Bolt Thrower (Minotaur Hunter)         Turns: 2510, Time: 00:06:29

Health: -1/47      AC:  3    Str: 18    XL:     5   Next: 25%
Magic:  4/4        EV: 12    Int:  6    God:
Gold:   162        SH:  0    Dex: 13    Spells: 4/4 levels left

rFire   . . .      SeeInvis .   b - +6 dagger of Disembowelment {freeze, rN+}
rCold   . . .      Faith    .   (no shield)
rNeg    + . .      Spirit   .   k - +0 leather armour
rPois   .          Reflect  .   (helmet restricted)
rElec   .          Harm     .   (no cloak)
rCorr   +          Rampage  .   (no gloves)
Will    .....                   (no boots)
Stlth   +.........              (no amulet)
HPRegen 0.15/turn               m - ring of resist corrosion
MPRegen 0.09/turn               (no ring)

@: no status effects
A: horns 2, retaliatory headbutt
a: no special abilities


You were in a sewer.
You visited 1 branch of the dungeon, and saw 3 of its levels.
You also visited: Sewer.

You collected 162 gold pieces.

Inventory:

Hand Weapons
 a - a +1 hand crossbow of freezing
 b - the +6 dagger of Disembowelment (weapon) {freeze, rN+}
   (You found it on level 3 of the Dungeon)

   It freezes those it strikes, dealing additional cold damage.
   It can also slow down cold-blooded creatures.
   rN:        It protects you from negative energy.
Armour
 k - a +0 leather armour (worn)
 l - a +0 scale mail
 p - a +0 chain mail
Jewellery
 m - a ring of resist corrosion (left hand)
 r - an amulet of the acrobat
Scrolls
 c - a scroll of immolation
 d - a scroll of fog {unknown}
 h - a scroll of poison {unknown}
 i - a scroll of teleportation {unknown}
 j - 2 scrolls of enchant weapon
 o - a scroll of magic mapping {unknown}
Potions
 e - a potion of mutation
 g - a potion of heal wounds {unknown}
 n - a potion of magic
 q - a potion of brilliance {unknown}
 s - a potion of haste {unknown}
 t - a potion of might {unknown}


   Skills:
 + Level 4.6 Fighting
 + Level 5.7 Crossbows
 + Level 2.1 Armour
 - Level 2.1 Dodging
 - Level 0.7 Stealth


You had 4 spell levels left.
You didn't know any spells.
Your spell library contained the following spells:

 Spells                   Type           Power      Damage    Failure   Level
 Conjure Flame            Conj/Fire      0%         6-21      87%         3
 Ignite Poison            Fire/Tmut/Pois 0%         N/A       87%         3
 Sticky Flame             Conj/Fire      0%         2d3       99%         4


Dungeon Overview and Level Annotations

Branches:
Dungeon (3/15)              Sewer (1/1)

Altars:
Kikubaaqudgha

Annotations:
D:2 Sigmund


Innate Abilities, Weirdness & Mutations

You have a pair of horns on your head.
You reflexively headbutt those who attack you in melee.


Message History

The ball python bites you but does no damage.
The river rat attacks as you move away! The river rat bites you!
* * * LOW HITPOINT WARNING * * *
The ball python closely misses you. You furiously retaliate!
You headbutt the ball python!
You kill the ball python!
The endoplasm freezes you.
You are frozen.
* * * LOW HITPOINT WARNING * * *
The endoplasm attacks as you move away! The endoplasm closely misses you.
You furiously retaliate!
You headbutt the endoplasm!
You kill the endoplasm!
The river rat attacks as you move away! The river rat barely misses you.
The river rat attacks as you move away! The river rat barely misses you.
You furiously retaliate!
You headbutt the river rat.
There is an empty arch of ancient stone here.
Okay, then.
Okay, then.
Unknown command.
It was a potion of magic.
Magic courses through your body. The rat barely misses you.
You furiously retaliate!
You headbutt the rat!
You kill the rat!
You feel better. The river rat bites you.
* * * LOW HITPOINT WARNING * * *
Okay, then.
You closely miss the river rat.
The river rat is heavily wounded.
The river rat bites you but does no damage.
You hit the river rat. You freeze the river rat.
You kill the river rat!
You hit the rat. You freeze the rat.
You kill the rat!
You hit the river rat. You freeze the river rat.
The river rat is heavily wounded.
The river rat bites you.
* * * LOW HITPOINT WARNING * * *
You hit the river rat. You freeze the river rat.
The river rat is almost dead.
The river rat bites you!
You die...

##†...≈≈≈≈≈≈≈.≈.
#.†...≈≈≈≈≈≈†...
#.......≈≈≈≈≈...
#.......≈≈≈≈≈≈..
##†....≈≈≈≈≈≈..#
#.......≈≈≈.≈##
##.†...≈≈≈≈≈.#
####.......≈≈≈..#
#@###..r..≈≈≈≈...
#r###rr....≈≈.†..
#r.#.......≈≈≈...
##........≈≈≈....
##.......≈≈≈≈
##......≈≈≈
#.....≈≈≈≈
......≈≈≈≈
#.....≈≈≈≈≈


You could see 2 river rats.

Vanquished Creatures
  Terence (D:2)
  4 adders (D:2)
  A river rat (Sewer)
  3 worms
  A dart slug (D:3)
  5 orcs (D:3)
  4 bats
  6 endoplasms
  4 giant cockroaches
  6 goblins
  4 hobgoblins
  2 jackals (D:3)
  9 kobolds
  9 quokkas
  10 ball pythons
  11 rats
80 creatures vanquished.

Notes
Turn   | Place    | Note
-------+----------+-------------------------------------------
     0 | D:1      | Illumine the Minotaur Hunter began the quest for the Orb.
     0 | D:1      | Reached XP level 1. HP: 18/18 MP: 0/0
    97 | D:1      | Reached XP level 2. HP: 26/26 MP: 1/1
   672 | D:1      | Reached XP level 3. HP: 4/31 MP: 2/2
  1006 | D:2      | Reached skill level 5 in Crossbows
  1122 | D:2      | Noticed Terence
  1125 | D:2      | Killed Terence
  1322 | D:2      | Reached XP level 4. HP: 31/40 MP: 3/3
  1546 | D:2      | Reached skill level 1 in Armour
  1842 | D:2      | Noticed Sigmund
  2165 | D:3      | Reached XP level 5. HP: 47/47 MP: 4/4
  2242 | D:3      | Found an ancient bone altar of Kikubaaqudgha.
  2349 | D:3      | Identified the +6 dagger of Disembowelment {freeze, rN+}
  2384 | D:3      | Found a glowing drain.
  2396 | Sewer    | Entered a sewer
  2510 | Sewer    | Slain by a river rat

Illustrated notes

Levels and vault maps discovered:
D:1:      onia_arrival_pentagram, layout_basic, st_stairs_5, hex_intersection
D:2:      layout_loops_ring, uniq_sigmund, uniq_terence
D:3:      layout_loops_ring, grunt_temple_overflow_open,
          mainiacjoe_overflow_brackets, nicolae_uskayaw_suspiria,
          gup_sewer_entry_pipe, grunt_ministairs_2
Sewer:    sewer_minmay_treatment

Skill      XL: |  1  2  3  4  5 |
---------------+----------------+-----
Fighting       | 3 4 |  4.6
Crossbows      | 5 |  5.7
Armour         | 1 2 |  2.1
Dodging        | |  2.1
Stealth        | |  0.7

Action                   |  1- 3 |  4- 6 || total
-------------------------+-------+-------++-------
Melee: Unarmed           |    18 |       ||    18
       Headbutt          |     6 |     7 ||    13
       Dagger            |     5 |    46 ||    51
       Hand crossbow     |     1 |       ||     1
 Fire: Hand crossbow     |    81 |    69 ||   150
  Use: Scroll            |       |     4 ||     4
       Potion            |       |     2 ||     2
Armor: Leather armour    |     9 |    11 ||    20
Dodge: Dodged            |    25 |    47 ||    72

Table legend: (Time is in decaauts)
 A = Elapsed time spent in this place.
 B = Non-inter-level travel time spent in this place.
 C = Inter-level travel time spent in this place.
 D = Time resting spent in this place.
 E = Time spent auto-exploring this place.
 F = Levels seen in this place.
 G = Mean time per level.
                   A        B        C        D        E       F      G
               +--------+--------+--------+--------+--------+-----+--------+
         Total |   2533 |   2488 |     45 |    295 |   1620 |   4 |  633.2 |
       Dungeon |   2417 |   2372 |     45 |    295 |   1580 |   3 |  805.7 |
         Sewer |    116 |    116 |      0 |      0 |     40 |   1 |  116.0 |
               +--------+--------+--------+--------+--------+-----+--------+

Top non-repeatable levels by time:
     D:2: 960 daAuts
     D:1: 936 daAuts
     D:3: 519 daAuts
   Sewer: 116 daAuts
